AoeStats
← ZAMBA

Arabia

508015075Analyzed
1v1 RM · 12d ago on Sep 20, 2026· 33m 20s· 2 players
Game mode
Random Map
Map size
Tiny (2 player)
Population
200
Speed
Normal
Resources
Standard
Victory
Conquest
Starting age
Dark Age
Ending age
Imperial Age
RankedLock teamsTeams togetherTeam positionsShared explorationLock speedFull tech treeHidden civsTurbo modeCheats
Victory
Defeat
🇫🇷 Mongols · France
1076
+15
🇦🇷 Koreans · Argentina
1061
-15
ZAMBA
0:45 Loom
10:50 Feudal Age
11:20 Double-Bit Axe
14:20 Fletching
18:36 Wheelbarrow
22:28 Castle Age
23:16 Bodkin Arrow
22:43 Crossbowman
23:37 Bow Saw
26:48 Thumb Ring
29:23 Ballistics
30:22 Horse Collar
Ego59
0:51 Loom
10:15 Feudal Age
10:44 Man-at-Arms
13:41 Double-Bit Axe
15:18 Arson
16:35 Fletching
22:24 Castle Age
20:55 Padded Archer Armor
22:08 Bloodlines
22:13 Scale Barding Armor
22:00 Horse Collar
22:40 Gold Mining
26:13 Forging
Connection lost

Rejoining the realm…

Still unreachable

The connection could not be restored.

Session expired

The server has moved on; the page needs a fresh start.